 Dungeon Crawl Stone Soup version 0.21-a0-274-gc1afaeb (webtiles) character file.

203 JackS81 the Changer (level 5, -2/37 HPs)
             Began as a Merfolk Transmuter on Sept 19, 2017.
             Killed by divine providence
             ... invoked by an orc priest
              (11 damage)
             ... on level 3 of the Dungeon.
             The game lasted 00:13:03 (2607 turns).

JackS81 the Changer (Merfolk Transmuter)            Turns: 2607, Time: 00:13:04

Health: -2/37      AC:  2    Str: 10    XL:     5   Next: 81%
Magic:  15/17      EV: 26    Int: 11    God:
Gold:   97         SH:  0    Dex: 25    Spells: 4/8 levels left

rFire    . . .     SeeInvis .     - Unarmed
rCold    . . .     Gourm    .   (shield currently unavailable)
rNeg     . . .     Faith    .   (armour currently unavailable)
rPois    x         Spirit   .   (helmet currently unavailable)
rElec    .         Reflect  .   (cloak currently unavailable)
rCorr    .         Harm     .   (gloves currently unavailable)
MR       .....                  (boots currently unavailable)
Stlth    +++.......             (no amulet)
HPRegen  0.12/turn              n - ring of magical power
MPRegen  0.15/turn              (no ring)

@: agile, spider-form (expiring), flying
A: (change form in water), (swift swim), (stealthy swim), dopey 1
a: End Transformation


You were on level 3 of the Dungeon.
You were not hungry.
You were a venomous arachnid creature.
You visited 1 branch of the dungeon, and saw 3 of its levels.

You collected 97 gold pieces.

Inventory:

Hand Weapons
 g - a +0 hunting sling
Missiles
 a - 18 arrows
 e - 75 stones (quivered)
 m - 72 bolts
 s - 9 poisoned needles
Armour
 b - a +0 robe (melded)
 l - a +0 helmet
Jewellery
 n - a ring of magical power (left front leg)
Scrolls
 f - a scroll of amnesia {unknown}
 i - 2 scrolls of identify {unknown}
 r - a scroll of noise {unknown}
Potions
 t - a potion of cancellation {unknown}
Books
 c - a book of Changes

   Spells                             Type                      Level
   a - Beastly Appendage              Transmutation                1
   b - Sticks to Snakes               Transmutation                2
   c - Spider Form                    Transmutation/Poison         3
   d - Ice Form                       Ice/Transmutation            4
   e - Blade Hands                    Transmutation                5
Comestibles
 d - 2 bread rations
 h - 2 meat rations
 k - a fruit
 p - 3 chunks of flesh


   Skills:
 - Level 1.1 Fighting
 - Level 1.0 Slings
 - Level 2.6 Dodging
 - Level 3.2 Unarmed Combat
 - Level 2.0 Spellcasting
 * Level 7.2 Transmutations
 - Level 1.0 Poison Magic


You had 4 spell levels left.
You knew the following spells:

 Your Spells              Type           Power        Failure   Level  Hunger
a - Beastly Appendage     Tmut           ###...       7%          1    ##.....
b - Spider Form           Tmut/Pois      ##........   34%         3    ####...


Dungeon Overview and Level Annotations

Branches:
Dungeon (3/15)

Altars:


Innate Abilities, Weirdness & Mutations

((You revert to your normal form in water.))
((You are very nimble and swift while swimming.))
((You are very stealthy in the water. (Stealth+)))
((You have a pair of small antennae on your head.))
You are dopey. (Int -2)


Message History

You feel very buoyant.
You fly up into the air.
Your transformation is almost over.
The orc wizard misses you.
It was a potion of agility.
You feel agile all of a sudden.
The orc wizard mumbles some strange words.
The orc wizard blinks!
It was a potion of mutation.
You feel extremely strange.
You feel stupid. A pair of antennae grows on your head!
The orc priest calls upon Beogh to heal the orc wizard.
The orc wizard is healed somewhat.
You hit the worm.
The worm is poisoned.
The worm is moderately wounded.
The orc priest casts a cantrip, but nothing happens.
The worm closely misses you.
Your magical contamination has completely faded away.
The orc priest mumbles some strange prayers to Beogh against you.
Beogh smites you!
You die...

....... .........
.......### #........
.####.....###........
............#........
.##.......#.......... .
........##...........##
.##........#..##.#......#
................>#.......
......#....##.##s#.......
......#....##..#.#.......
......#......#.#w#..o....
..... #......#[oo#......#
....###......##o)).o....#
.........[...#.(........#
.............#..........#
..##.#.......#....#......
..##.##..##.##....#......


You could see a worm, an orc priest, an orc wizard and an orc.

Vanquished Creatures
  A jelly (D:3)
  An orc wizard (D:3)
  A howler monkey zombie (D:2)
  An adder (D:2)
  5 worms
  6 dart slugs
  9 leopard geckos
  6 orcs (D:3)
  6 bats
  3 giant cockroaches
  6 goblins
  8 hobgoblins
  5 jackals
  A quokka (D:2)
  A frilled lizard (D:3)
  6 kobolds
  22 rats
88 creatures vanquished.

Notes
Turn   | Place    | Note
-------+----------+-------------------------------------------
     0 | D:1      | JackS81 the Merfolk Transmuter began the quest for the Orb.
     0 | D:1      | Reached XP level 1. HP: 15/15 MP: 3/3
     6 | D:1      | Reached skill level 3 in Transmutations
    29 | D:1      | Reached XP level 2. HP: 13/21 MP: 3/5
   205 | D:1      | Reached skill level 4 in Transmutations
   310 | D:1      | Reached XP level 3. HP: 15/26 MP: 4/6
  1006 | D:1      | Reached skill level 5 in Transmutations
  1014 | D:1      | Learned a level 3 spell: Spider Form
  1240 | D:2      | Reached XP level 4. HP: 32/32 MP: 3/7
  1331 | D:2      | Reached skill level 1 in Slings
  1953 | D:3      | Reached skill level 6 in Transmutations
  1953 | D:3      | Reached XP level 5. HP: 12/37 MP: 8/8
  2277 | D:3      | Reached skill level 1 in Poison Magic
  2311 | D:3      | Reached skill level 7 in Transmutations
  2605 | D:3      | Gained mutation: You are dopey. (Int -2) [potion of mutation]
  2605 | D:3      | Gained mutation: You have a pair of small antennae on your head. [potion of mutation]
  2607 | D:3      | Killed from afar by an orc priest

Vault maps used:
D:1:      erik_arrival_orb_chamber

Skill      XL: |  1  2  3  4  5 |
---------------+----------------+-----
Transmutations | 3 4 5 6 7 |  7.2
Slings         | 1 |  1.0
Poison Magic   | 1 |  1.0
Fighting       | |  1.1
Dodging        | |  2.6
Unarmed Combat | |  3.2
Spellcasting   | |  2.0

Action                   |  1- 3 |  4- 6 || total
-------------------------+-------+-------++-------
Melee: Unarmed           |   104 |   121 ||   225
       Headbutt          |    16 |     4 ||    20
       Punch             |     1 |     1 ||     2
 Fire: Hunting sling     |     9 |    13 ||    22
 Cast: Beastly Appendage |    16 |     5 ||    21
       Spider Form       |     2 |    16 ||    18
  Use: Potion            |       |     4 ||     4
 Stab: Sleeping          |       |     1 ||     1
  Eat: Chunk             |     2 |     7 ||     9
Armor: Robe              |     8 |     7 ||    15
       Skin              |     1 |     5 ||     6
Dodge: Dodged            |    60 |    74 ||   134

Table legend:
 A = Spawn XP
 B = Non-spawn XP
 C = Spawn XP percentage of total XP
 D = Spawn monster count
 E = Non-spawn monster count
 F = Spawn count percentage of total count
 G = Total turns spent on level
                    A         B        C        D         E        F      G
               +---------+---------+-------+---------+---------+-------+---------
         Total |       0 |     291 |   0.0 |       0 |      88 |   0.0 |  2607
               +---------+---------+-------+---------+---------+-------+---------
           D:1 |       0 |      64 |   0.0 |       0 |      38 |   0.0 |  1116
           D:2 |       0 |      81 |   0.0 |       0 |      22 |   0.0 |   820
           D:3 |       0 |     146 |   0.0 |       0 |      28 |   0.0 |   671
               +---------+---------+-------+---------+---------+-------+---------
